[Event "Dutch Open-ch 2019"]
[Site "Dieren"]
[Date "2019.07.25"]
[Round "3.7"]
[White "Kolbus, Dietmar"]
[Black "Ikonnikov, Vyacheslav"]
[Result "0-1"]
[ECO "E15"]
[WhiteElo "2281"]
[BlackElo "2499"]
[Annotator "ChessBase"]
[PlyCount "106"]
[EventDate "2019.07.23"]
[EventType "swiss"]
[EventCountry "NED"]
[SourceTitle "playchess.com"]
[Source "ChessBase"]
[SourceQuality "1"]
[TimeControl "40/5400+30:1800+30"]

1. d4 Nf6 2. c4 e6 3. Nf3 b6 4. g3 Ba6 5. Nbd2 Bb7 6. Bg2 c5 7. O-O cxd4 8. Nxd4 Bxg2 9. Kxg2 Qc8 10. e3 Nc6 11. Nxc6 Qxc6+ 12. Qf3 Rc8 13. Qxc6 Rxc6 14. b3 Bb4 15. a3 Bc3 16. Ra2 d5 17. Bb2 Bxb2 18. Rxb2 dxc4 19. Nxc4 b5 20. Ne5 Rc3 21. Rd1 Ke7 22. Rd4 Rhc8 23. e4 g5 24. a4 R8c5 25. Nf3 g4 26. Ne1 e5 27. Rb4 a5 28. Rxb5 Rxb5 29. axb5 Nxe4 30. f3 Nc5 31. fxg4 Rxb3 32. Rxb3 Nxb3 33. Kf3 a4 34. Ke4 Kd6 35. Nc2 Nc5+ 36. Ke3 Kd5 37. Na3 Nd7 38. g5 Kc5 39. Ke4 Kb4 40. Nb1 Kxb5 41. Kd5 Kb4 42. h4 a3 43. Nxa3 Kxa3 44. h5 Kb4 45. Kd6 e4 46. Kxd7 e3 47. Ke7 e2 48. Kxf7 e1=Q 49. g6 hxg6 50. h6 Qxg3 51. h7 Qe5 52. Kxg6 Kc5 53. Kf7 Qh8 0-1

[Event "Dutch Open-ch 2019"]
[Site "Dieren"]
[Date "2019.07.25"]
[Round "3.8"]
[White "Ashwath, R.."]
[Black "Schoppen, Casper"]
[Result "0-1"]
[ECO "E21"]
[WhiteElo "2365"]
[BlackElo "2493"]
[Annotator "ChessBase"]
[PlyCount "72"]
[EventDate "2019.07.23"]
[EventType "swiss"]
[EventCountry "NED"]
[SourceTitle "playchess.com"]
[Source "ChessBase"]
[SourceQuality "1"]
[TimeControl "40/5400+30:1800+30"]

1. d4 Nf6 2. c4 e6 3. Nc3 Bb4 4. Nf3 O-O 5. Bg5 d6 6. Rc1 Nbd7 7. e3 b6 8. Bd3 Bb7 9. O-O Bxc3 10. bxc3 h6 11. Bh4 g5 12. Nxg5 hxg5 13. Bxg5 Kg7 14. e4 Rh8 15. f4 Qg8 16. e5 Ne4 17. Qf3 Qh7 18. Bxe4 Bxe4 19. Qg3 Qg6 20. Rce1 Bf5 21. d5 Rae8 22. Re3 Kf8 23. dxe6 fxe6 24. Qf3 Nxe5 25. Rxe5 dxe5 26. g4 Be4 27. Qe3 Kg8 28. h4 exf4 29. Qxf4 e5 30. Qe3 Bb7 31. Kh2 Rf8 32. Re1 Qc6 33. Qd2 Qf3 34. Re3 Qh1+ 35. Kg3 Qg1+ 36. Kh3 Bf3 0-1

[Event "Dutch Open-ch 2019"]
[Site "Dieren"]
[Date "2019.07.25"]
[Round "3.9"]
[White "Mohite, Ranveer"]
[Black "Buckels, Valentin"]
[Result "0-1"]
[ECO "C77"]
[WhiteElo "2229"]
[BlackElo "2451"]
[Annotator "ChessBase"]
[PlyCount "140"]
[EventDate "2019.07.23"]
[EventType "swiss"]
[EventCountry "NED"]
[SourceTitle "playchess.com"]
[Source "ChessBase"]
[SourceQuality "1"]
[TimeControl "40/5400+30:1800+30"]

1. e4 e5 2. Nf3 Nc6 3. Bb5 a6 4. Ba4 Nf6 5. O-O Be7 6. d3 b5 7. Bb3 d6 8. a3 O-O 9. Nc3 Bb7 10. Nd5 Nxd5 11. Bxd5 Qc8 12. c3 Nd8 13. Ba2 Kh8 14. Ng5 Bxg5 15. Bxg5 Ne6 16. Be3 f5 17. f3 Qd7 18. exf5 Rxf5 19. d4 Raf8 20. Qd2 exd4 21. cxd4 Nf4 22. Bxf4 Rxf4 23. Rae1 g5 24. Qc3 Qg7 25. d5 Qxc3 26. bxc3 Kg7 27. Bb3 R4f5 28. Bc2 R5f7 29. Be4 Re8 30. c4 bxc4 31. Rb1 Ba8 32. Rb4 Re5 33. Rd1 c6 34. dxc6 Rc5 35. Rd4 c3 36. Rbc4 Bxc6 37. Rxc5 dxc5 38. Rc4 Bxe4 39. fxe4 Rc7 40. Kf2 Kf6 41. Ke3 Ke5 42. Kd3 Kf4 43. Kxc3 Ke3 44. e5 h5 45. Ra4 Rc6 46. Kc4 Ke4 47. e6 Rxe6 48. Kxc5+ Ke3 49. Kd5 Rb6 50. Ke5 Kf2 51. g4 h4 52. Rc4 Kg2 53. Rc2+ Kh3 54. Kf5 Rb5+ 55. Kg6 Kxg4 56. Rc4+ Kh3 57. Rc3+ Kxh2 58. Kh5 Kg2 59. Kg4 Kf2 60. Rc4 Ra5 61. Re4 Rxa3 62. Kxg5 h3 63. Rb4 h2 64. Rb2+ Kg1 65. Rb1+ Kg2 66. Rb2+ Kh3 67. Rb1 Rg3+ 68. Kf4 Rg1 69. Rb3+ Kh4 70. Rb7 Rf1+ 0-1

[Event "Dutch Open-ch 2019"]
[Site "Dieren"]
[Date "2019.07.25"]
[Round "3.10"]
[White "Munshi, Aditya"]
[Black "Zwirs, Nico"]
[Result "0-1"]
[ECO "C00"]
[WhiteElo "2125"]
[BlackElo "2380"]
[Annotator "NA"]
[PlyCount "82"]
[EventDate "2019.07.23"]
[EventType "swiss"]
[EventCountry "NED"]
[SourceTitle "playchess.com"]
[Source "ChessBase"]
[SourceQuality "1"]
[TimeControl "40/5400+30:1800+30"]

1. e4 c5 2. Nf3 e6 3. g3 Nc6 4. Bg2 Nf6 5. Qe2 Be7 6. c3 O-O 7. O-O d5 8. e5 Nd7 9. d4 b6 10. Na3 a5 11. Rd1 Ba6 12. Nb5 a4 13. c4 dxc4 14. Nc3 Nb4 15. d5 exd5 16. Nxd5 Nd3 17. e6 fxe6 18. Qxe6+ Rf7 19. Ne1 Ra7 20. Nxd3 cxd3 21. Be3 c4 22. Nxb6 Bc5 23. Nxd7 Bxe3 24. fxe3 Qxd7 25. Bd5 Qxe6 26. Bxe6 a3 27. bxa3 c3 28. Rac1 Rac7 29. Bb3 Kf8 30. Bxf7 Kxf7 31. Kf2 Ke6 32. e4 d2 33. Rc2 Bd3 34. Rdxd2 cxd2 35. Rxd2 Rc2 36. Rxc2 Bxc2 37. Ke3 Ke5 38. h3 Bb1 39. a4 Bxa2 40. a5 Bc4 41. g4 g5 0-1

[Event "Dutch Open-ch 2019"]
[Site "Dieren"]
[Date "2019.07.25"]
[Round "3.11"]
[White "Neelotpal, Das"]
[Black "Konings, Frans"]
[Result "1/2-1/2"]
[ECO "C88"]
[WhiteElo "2406"]
[BlackElo "2208"]
[Annotator "NA"]
[PlyCount "180"]
[EventDate "2019.07.23"]
[EventType "swiss"]
[EventCountry "NED"]
[SourceTitle "playchess.com"]
[Source "ChessBase"]
[SourceQuality "1"]
[TimeControl "40/5400+30:1800+30"]

1. e4 e5 2. Nf3 Nc6 3. Bb5 a6 4. Ba4 Nf6 5. d3 b5 6. Bb3 Be7 7. O-O d6 8. a3 O-O 9. Re1 Na5 10. Ba2 c5 11. Nc3 Be6 12. Ne2 Bxa2 13. Rxa2 Ne8 14. Ng3 g6 15. Bd2 Nc6 16. c3 Bf6 17. a4 Nc7 18. Qe2 Qc8 19. Bh6 Re8 20. h3 Qe6 21. Raa1 bxa4 22. Rxa4 Reb8 23. Rea1 Rb7 24. Nf1 Rab8 25. Bc1 h5 26. Ne3 Ne7 27. Nc4 Nc6 28. Ne3 Ne7 29. Nd2 Bg5 30. Ndc4 Bxe3 31. Qxe3 Nc6 32. Qf3 Rd8 33. Bg5 Rd7 34. Ne3 Nb8 35. g4 Rxb2 36. gxh5 Kh7 37. Ng4 Ne8 38. hxg6+ fxg6 39. Qg3 Kg8 40. d4 exd4 41. cxd4 cxd4 42. Rxd4 Nc6 43. Rd3 Rdb7 44. Kh2 Rb1 45. Rxa6 Qxe4 46. Qf3 Qxf3 47. Rxf3 R1b6 48. Nh6+ Kh7 49. Rxb6 Rxb6 50. Rf7+ Ng7 51. Ng4 Kg8 52. Rc7 Nh5 53. Ne3 Ne5 54. Nd5 Rb1 55. Kg2 Rd1 56. Nf6+ Nxf6 57. Bxf6 Kf8 58. Bg5 Nf7 59. Bc1 Rd5 60. Bb2 Ne5 61. Bc1 Nf7 62. Kg3 Ke8 63. Be3 Rf5 64. Rc8+ Kd7 65. Rg8 Rf6 66. Rg7 Ke8 67. Bd4 Re6 68. Rg8+ Ke7 69. Ra8 Re4 70. Be3 Re6 71. Kf4 Kd7 72. Bd4 Ke7 73. Ra7+ Ke8 74. Ra8+ Ke7 75. h4 Kd7 76. Ra7+ Ke8 77. h5 gxh5 78. Kf5 Re7 79. Ra8+ Nd8 80. Bf6 Rd7 81. Kg5 d5 82. Kxh5 d4 83. Kg4 d3 84. Bxd8 Rxd8 85. Rxd8+ Kxd8 86. Kf3 Ke7 87. Ke3 Kf6 88. Kxd3 Kf5 89. Ke3 Ke5 90. Kf3 Kf5 1/2-1/2

[Event "Dutch Open-ch 2019"]
[Site "Dieren"]
[Date "2019.07.25"]
[Round "3.13"]
[White "Maris, Ivo"]
[Black "Van Baar, Esper"]
[Result "1-0"]
[ECO "A10"]
[WhiteElo "2399"]
[BlackElo "2108"]
[Annotator "NA"]
[PlyCount "65"]
[EventDate "2019.07.23"]
[EventType "swiss"]
[EventCountry "NED"]
[SourceTitle "playchess.com"]
[Source "ChessBase"]
[SourceQuality "1"]
[TimeControl "40/5400+30:1800+30"]

1. c4 g6 2. g3 Bg7 3. Bg2 d6 4. Nc3 c5 5. a3 a5 6. Nf3 Nc6 7. O-O e5 8. e3 Be6 9. Qb3 Nge7 10. Ng5 Bc8 11. Nb5 Na7 12. Ne4 Nxb5 13. Qxb5+ Kf8 14. Qb3 Nc6 15. f4 f5 16. Nc3 exf4 17. gxf4 Kf7 18. Bd5+ Kf8 19. Nb5 Na7 20. Nc3 Rb8 21. Ne2 Bd7 22. d4 Bc6 23. dxc5 Bxd5 24. cxd5 dxc5 25. a4 Nc8 26. e4 Ne7 27. Be3 b6 28. Rad1 fxe4 29. f5 Nxf5 30. Nf4 c4 31. Qxc4 Nxe3 32. Qxe4 Qg5+ 33. Kh1 1-0

[Event "Dutch Open-ch 2019"]
[Site "Dieren"]
[Date "2019.07.25"]
[Round "3.15"]
[White "Tiwari, Ashwani"]
[Black "Grooten, Herman"]
[Result "0-1"]
[ECO "A08"]
[WhiteElo "2089"]
[BlackElo "2310"]
[Annotator "NA"]
[PlyCount "100"]
[EventDate "2019.07.23"]
[EventType "swiss"]
[EventCountry "NED"]
[SourceTitle "playchess.com"]
[Source "ChessBase"]
[SourceQuality "1"]
[TimeControl "40/5400+30:1800+30"]

1. e4 e6 2. d3 d5 3. Nd2 c5 4. Ngf3 Nc6 5. g3 g6 6. Bg2 Bg7 7. O-O Nge7 8. Re1 b6 9. e5 Qc7 10. Qe2 g5 11. Nxg5 Qxe5 12. Qxe5 Nxe5 13. Nc4 Nxc4 14. dxc4 Bb7 15. cxd5 Bxd5 16. c3 h6 17. Nh3 Bxg2 18. Kxg2 O-O-O 19. Nf4 h5 20. h4 Nf5 21. Kf1 Rd7 22. Ke2 e5 23. Ng2 Rhd8 24. Ne3 Ne7 25. Rd1 Rxd1 26. Nxd1 Kb7 27. Bg5 f6 28. Bd2 e4 29. Ne3 f5 30. Rd1 Kc6 31. Ng2 Ng6 32. Bg5 Rxd1 33. Kxd1 Kd5 34. a4 Be5 35. Kc2 a6 36. Ne3+ Ke6 37. Nc4 Bc7 38. b4 cxb4 39. cxb4 Ne5 40. Nxe5 Bxe5 41. Be3 b5 42. axb5 axb5 43. Kd2 Kd5 44. Ke2 Bd6 45. Bd2 Kd4 46. Be1 Kc4 47. f3 exf3+ 48. Kxf3 Bxb4 49. Bxb4 Kxb4 50. Kf4 Kc4 0-1

[Event "Dutch Open-ch 2019"]
[Site "Dieren"]
[Date "2019.07.25"]
[Round "3.16"]
[White "Shakhverdian, William"]
[Black "Sharma, Dinesh K."]
[Result "0-1"]
[ECO "D17"]
[WhiteElo "2001"]
[BlackElo "2299"]
[Annotator "NA"]
[PlyCount "100"]
[EventDate "2019.07.23"]
[EventType "swiss"]
[EventCountry "NED"]
[SourceTitle "playchess.com"]
[Source "ChessBase"]
[SourceQuality "1"]
[TimeControl "40/5400+30:1800+30"]

1. d4 Nf6 2. Nf3 d5 3. c4 c6 4. Nc3 dxc4 5. a4 Bf5 6. Ne5 Nbd7 7. Nxc4 Qc7 8. g3 e5 9. dxe5 Nxe5 10. Bf4 Nfd7 11. Bg2 f6 12. O-O g5 13. Bxe5 Nxe5 14. Nxe5 Qxe5 15. a5 a6 16. Qa4 Bd7 17. Rfd1 Be7 18. Rd2 O-O-O 19. Rc1 Kb8 20. Rcd1 Bc8 21. Qb3 Rxd2 22. Rxd2 Be6 23. Qa4 Rd8 24. Rxd8+ Bxd8 25. Qa3 Bxa5 26. Ne4 Ka7 27. Nc5 Bb6 28. Nxe6 Qxe6 29. Qd3 Qe5 30. e3 Qxb2 31. Qxh7 Qa1+ 32. Bf1 a5 33. Kg2 Qb2 34. Qe4 Bc5 35. h4 gxh4 36. gxh4 Qe5 37. Qa4 Bb4 38. Qd1 Qe4+ 39. Kh3 Qh1+ 40. Kg3 Qg1+ 41. Kf3 f5 42. Qd4+ c5 43. Qc4 a4 44. Bg2 Qd1+ 45. Kg3 Qg4+ 46. Qxg4 fxg4 47. Kf4 c4 48. h5 a3 49. h6 a2 50. h7 a1=Q 0-1

[Event "Dutch Open-ch 2019"]
[Site "Dieren"]
[Date "2019.07.25"]
[Round "3.17"]
[White "Tang, Charlie"]
[Black "Van Helvoort, Rob"]
[Result "0-1"]
[ECO "B06"]
[WhiteElo "2247"]
[BlackElo "2104"]
[Annotator "NA"]
[PlyCount "30"]
[EventDate "2019.07.23"]
[EventType "swiss"]
[EventCountry "NED"]
[SourceTitle "playchess.com"]
[Source "ChessBase"]
[SourceQuality "1"]
[TimeControl "40/5400+30:1800+30"]

1. e4 g6 2. d4 Bg7 3. Nc3 d6 4. f4 Nc6 5. Nf3 Bg4 6. Be3 Bxf3 7. gxf3 e6 8. Qd2 d5 9. O-O-O Nge7 10. Bh3 Qd7 11. Ne2 f5 12. e5 b5 13. Kb1 Nc8 14. Nc1 Nb6 15. Bf1 Nc4 0-1

[Event "Dutch Open-ch 2019"]
[Site "Dieren"]
[Date "2019.07.25"]
[Round "3.18"]
[White "Ypma, Jord"]
[Black "Wedda, Dries"]
[Result "1-0"]
[ECO "E35"]
[WhiteElo "1968"]
[BlackElo "2234"]
[Annotator "NA"]
[PlyCount "87"]
[EventDate "2019.07.23"]
[EventType "swiss"]
[EventCountry "NED"]
[SourceTitle "playchess.com"]
[Source "ChessBase"]
[SourceQuality "1"]
[TimeControl "40/5400+30:1800+30"]

1. d4 Nf6 2. c4 e6 3. Nc3 Bb4 4. Qc2 d5 5. cxd5 exd5 6. Bg5 h6 7. Bh4 Nc6 8. e3 g5 9. Bg3 h5 10. Bd3 Qe7 11. Nge2 h4 12. Be5 Nxe5 13. dxe5 Ng4 14. a3 Bxc3+ 15. Qxc3 Qxe5 16. Bb5+ Kf8 17. Qb4+ Kg7 18. Bd3 Re8 19. Qd2 Bd7 20. h3 Nf6 21. O-O c5 22. Rad1 Bc6 23. b4 c4 24. Bb1 a5 25. Nd4 g4 26. Nf5+ Kf8 27. e4 Ng8 28. exd5 Bd7 29. hxg4 Bxf5 30. Bxf5 h3 31. gxh3 axb4 32. Qxb4+ Kg7 33. Rfe1 Qf6 34. Rxe8 Rxe8 35. Qxc4 Nh6 36. Qf4 Kf8 37. d6 Nxf5 38. Qxf5 Qc3 39. d7 Re1+ 40. Rxe1 Qxe1+ 41. Kg2 Ke7 42. Qd5 Kd8 43. Qxb7 Ke7 44. Qb4+ 1-0

[Event "Dutch Open-ch 2019"]
[Site "Dieren"]
[Date "2019.07.25"]
[Round "3.19"]
[White "Elgersma, Onno"]
[Black "Grutter, Tim"]
[Result "1/2-1/2"]
[ECO "B48"]
[WhiteElo "2232"]
[BlackElo "2091"]
[Annotator "NA"]
[PlyCount "135"]
[EventDate "2019.07.23"]
[EventType "swiss"]
[EventCountry "NED"]
[SourceTitle "playchess.com"]
[Source "ChessBase"]
[SourceQuality "1"]
[TimeControl "40/5400+30:1800+30"]

1. e4 c5 2. Nf3 e6 3. d4 cxd4 4. Nxd4 Nc6 5. Nc3 Qc7 6. Be3 a6 7. Qd2 Nf6 8. f4 Bb4 9. Bd3 Na5 10. a3 Bxc3 11. Qxc3 Qxc3+ 12. bxc3 d6 13. O-O Bd7 14. Nb3 Nxb3 15. cxb3 Bc6 16. e5 dxe5 17. fxe5 Nd5 18. Bd4 Rd8 19. Rad1 O-O 20. c4 Ne7 21. Bc5 Rd7 22. Bxh7+ Kxh7 23. Rxd7 Bxd7 24. Bxe7 Re8 25. Bd6 Kg6 26. Rf4 f6 27. Rg4+ Kf7 28. Rh4 Bc6 29. a4 Rd8 30. Rd4 Rh8 31. h4 Rh5 32. Rf4 Rf5 33. Rxf5 exf5 34. Kf2 Be4 35. exf6 Kxf6 36. b4 Bc2 37. a5 Bb3 38. c5 Bd5 39. Bf4 g6 40. g3 Bc6 41. Ke3 Ke6 42. Kd4 Bb5 43. Bg5 Bc6 44. Bd8 Bb5 45. Bb6 Bc6 46. Bc7 Bb5 47. Bd6 Bf1 48. Ke3 Kd5 49. Kf4 Be2 50. Bf8 Bd1 51. Kg5 Bh5 52. Kf6 Kc6 53. Ke6 Be2 54. Bg7 Bd1 55. Bc3 Be2 56. Be1 Bd1 57. Kf6 Bh5 58. Kg5 Kb5 59. g4 fxg4 60. Kf4 g3 61. Kxg3 Bd1 62. Kf4 Bc2 63. Kg5 Kc6 64. Kf6 Bb1 65. Ke7 Bc2 66. Kd8 Bf5 67. Bd2 Bg4 68. Be1 1/2-1/2

[Event "Dutch Open-ch 2019"]
[Site "Dieren"]
[Date "2019.07.25"]
[Round "3.20"]
[White "Mesman, Edwyn"]
[Black "Nair, Sanjeev"]
[Result "0-1"]
[ECO "E90"]
[WhiteElo "2204"]
[BlackElo "2045"]
[Annotator "NA"]
[PlyCount "80"]
[EventDate "2019.07.23"]
[EventType "swiss"]
[EventCountry "NED"]
[SourceTitle "playchess.com"]
[Source "ChessBase"]
[SourceQuality "1"]
[TimeControl "40/5400+30:1800+30"]

1. d4 Nf6 2. c4 g6 3. Nc3 Bg7 4. e4 d6 5. Nf3 O-O 6. h3 e5 7. d5 a5 8. g4 Na6 9. Be3 Nd7 10. Rg1 Ndc5 11. Nd2 Bd7 12. a3 a4 13. Qc2 c6 14. Be2 Qa5 15. Kf1 Kh8 16. Kg2 f5 17. f3 f4 18. Bf2 Bf6 19. h4 h5 20. g5 Bd8 21. Rgb1 cxd5 22. cxd5 Rc8 23. Rc1 Be7 24. Rab1 Qd8 25. b4 axb3 26. Nxb3 Nxe4 27. Qxe4 Bf5 28. Qa4 Rxc3 29. Rxc3 Bxb1 30. Bd3 Bxd3 31. Rxd3 Qc8 32. Qe4 Kg7 33. Rd1 Qd7 34. Nd2 Rc8 35. Qb1 Rc3 36. Ne4 Rxa3 37. Qb6 Rxf3 38. Nf6 Qh3+ 39. Kg1 Rb3 40. Ne8+ Kh7 0-1

[Event "Dutch Open-ch 2019"]
[Site "Dieren"]
[Date "2019.07.26"]
[Round "4.1"]
[White "Pruijssers, Roeland"]
[Black "Beerdsen, Thomas"]
[Result "0-1"]
[ECO "A36"]
[WhiteElo "2534"]
[BlackElo "2497"]
[Annotator "ChessBase"]
[PlyCount "74"]
[EventDate "2019.07.23"]
[EventType "swiss"]
[EventCountry "NED"]
[SourceTitle "playchess.com"]
[Source "ChessBase"]
[SourceQuality "1"]
[TimeControl "40/5400+30:1800+30"]

1. c4 c5 2. g3 g6 3. Bg2 Bg7 4. Nc3 Nc6 5. a3 e6 6. Rb1 Nge7 7. b4 cxb4 8. axb4 O-O 9. b5 Na5 10. Qa4 d5 11. cxd5 Nxd5 12. Nxd5 exd5 13. Nf3 Re8 14. d3 Bf5 15. Kf1 Rc8 16. Be3 Nc4 17. Bg5 Qb6 18. Qb3 Nd6 19. Be3 Rxe3 20. fxe3 Qxe3 21. Qxd5 Re8 22. Qa2 Bxd3 23. exd3 Qxd3+ 24. Kg1 Re2 25. Qxe2 Qxe2 26. h4 Nf5 27. Re1 Bd4+ 28. Kh2 Qf2 29. Rhf1 Qxg3+ 30. Kh1 Bb6 31. Re8+ Kg7 32. Re4 Ne3 33. Rxe3 Bxe3 34. Re1 Bc5 35. Re4 h6 36. Rc4 Bd6 37. Nd2 Qh2# 0-1

[Event "Dutch Open-ch 2019"]
[Site "Dieren"]
[Date "2019.07.26"]
[Round "4.2"]
[White "Reinderman, Dimitri"]
[Black "Vrolijk, Liam"]
[Result "1/2-1/2"]
[ECO "A23"]
[WhiteElo "2583"]
[BlackElo "2478"]
[Annotator "ChessBase"]
[PlyCount "61"]
[EventDate "2019.07.23"]
[EventType "swiss"]
[EventCountry "NED"]
[SourceTitle "playchess.com"]
[Source "ChessBase"]
[SourceQuality "1"]
[TimeControl "40/5400+30:1800+30"]

1. c4 e5 2. Nc3 Nf6 3. g3 Bc5 4. Bg2 c6 5. e3 Bb6 6. d4 exd4 7. exd4 d5 8. cxd5 Nxd5 9. Nxd5 cxd5 10. Ne2 Nc6 11. Be3 O-O 12. Nc3 Be6 13. O-O Qf6 14. Nxd5 Bxd5 15. Bxd5 Rad8 16. Qf3 Qxf3 17. Bxf3 Bxd4 18. Bxc6 Bxe3 19. fxe3 bxc6 20. Rfd1 Rfe8 21. Kf2 Kf8 22. Ke2 Ke7 23. b3 h5 24. Rxd8 Rxd8 25. Rc1 Rd6 26. Rc5 g6 27. Ra5 Rd7 28. b4 Kd8 29. Ra6 Rc7 30. h4 Kc8 31. Ra5 1/2-1/2

[Event "Dutch Open-ch 2019"]
[Site "Dieren"]
[Date "2019.07.26"]
[Round "4.4"]
[White "Hausrath, Daniel"]
[Black "Van Foreest, Lucas"]
[Result "0-1"]
[ECO "A12"]
[WhiteElo "2468"]
[BlackElo "2521"]
[Annotator "ChessBase"]
[PlyCount "90"]
[EventDate "2019.07.23"]
[EventType "swiss"]
[EventCountry "NED"]
[SourceTitle "playchess.com"]
[Source "ChessBase"]
[SourceQuality "1"]
[TimeControl "40/5400+30:1800+30"]

1. Nf3 d5 2. b3 Nf6 3. Bb2 Bf5 4. c4 e6 5. g3 h6 6. Bg2 Be7 7. O-O O-O 8. d3 Nbd7 9. Nbd2 c6 10. a3 a5 11. Ra2 Bh7 12. Qa1 Ne8 13. Rb1 g5 14. b4 g4 15. Ne5 Bg5 16. Rd1 h5 17. Nxd7 Qxd7 18. bxa5 Rxa5 19. Bc3 Ra8 20. cxd5 exd5 21. Bb4 Bf6 22. Qc1 Nd6 23. Nb3 Rfd8 24. Qf4 Qe7 25. h4 b6 26. Rc1 c5 27. Bd2 Qe6 28. a4 Nf5 29. a5 Qxe2 30. Bc3 Qxa2 31. Bxf6 Rd7 32. Nd2 Qxa5 33. Re1 Qa6 34. Re5 Qxd3 35. Bf1 Qc2 36. Ne4 Qxe4 37. Rxe4 dxe4 38. Qxe4 Rf8 39. Qf4 Bg6 40. Bg2 Rd6 41. Be5 Rd1+ 42. Kh2 Re8 43. Bc3 Nd4 44. Qf6 Re6 45. Qg5 Re2 0-1

[Event "Dutch Open-ch 2019"]
[Site "Dieren"]
[Date "2019.07.26"]
[Round "4.5"]
[White "Ikonnikov, Vyacheslav"]
[Black "Lai, Hing Ting"]
[Result "1/2-1/2"]
[ECO "E15"]
[WhiteElo "2499"]
[BlackElo "2460"]
[Annotator "ChessBase"]
[PlyCount "41"]
[EventDate "2019.07.23"]
[EventType "swiss"]
[EventCountry "NED"]
[SourceTitle "playchess.com"]
[Source "ChessBase"]
[SourceQuality "1"]
[TimeControl "40/5400+30:1800+30"]

1. d4 Nf6 2. Nf3 e6 3. c4 b6 4. g3 Ba6 5. Nbd2 d5 6. cxd5 exd5 7. Bg2 Bd6 8. O-O O-O 9. Nb1 Re8 10. Nc3 c6 11. Re1 Nbd7 12. Bf4 Nf8 13. Bxd6 Qxd6 14. Ne5 Bb7 15. e3 N6d7 16. Nd3 Ne6 17. b4 a5 18. b5 c5 19. dxc5 bxc5 20. Nb2 Nb6 21. Nba4 1/2-1/2

[Event "Dutch Open-ch 2019"]
[Site "Dieren"]
[Date "2019.07.26"]
[Round "4.6"]
[White "Bosboom, Manuel"]
[Black "Schoppen, Casper"]
[Result "0-1"]
[ECO "A08"]
[WhiteElo "2418"]
[BlackElo "2493"]
[Annotator "ChessBase"]
[PlyCount "72"]
[EventDate "2019.07.23"]
[EventType "swiss"]
[EventCountry "NED"]
[SourceTitle "playchess.com"]
[Source "ChessBase"]
[SourceQuality "1"]
[TimeControl "40/5400+30:1800+30"]

1. e4 c5 2. Nf3 Nc6 3. g3 Nf6 4. d3 d5 5. Nbd2 g6 6. Bg2 Bg7 7. O-O O-O 8. Re1 Qc7 9. c3 Rd8 10. exd5 Nxd5 11. Qb3 h6 12. Nc4 Bf5 13. Nfe5 Nxe5 14. Nxe5 e6 15. f4 g5 16. Qd1 gxf4 17. gxf4 f6 18. Ng4 Nxf4 19. Bxf4 Qxf4 20. Nf2 Rab8 21. Qb3 b5 22. Re4 Bxe4 23. Qxe6+ Kh8 24. Bxe4 f5 25. Qxf5 Qxf5 26. Bxf5 b4 27. Rc1 bxc3 28. bxc3 Rb2 29. Be6 Re8 30. Bc4 Ree2 31. Ne4 Be5 32. h4 Rg2+ 33. Kh1 Rh2+ 34. Kg1 Rxh4 35. Nxc5 Bh2+ 36. Kf1 Rf4+ 0-1

[Event "Dutch Open-ch 2019"]
[Site "Dieren"]
[Date "2019.07.26"]
[Round "4.7"]
[White "Zwirs, Nico"]
[Black "Das, Arghyadip"]
[Result "1/2-1/2"]
[ECO "C47"]
[WhiteElo "2380"]
[BlackElo "2439"]
[Annotator "NA"]
[PlyCount "82"]
[EventDate "2019.07.23"]
[EventType "swiss"]
[EventCountry "NED"]
[SourceTitle "playchess.com"]
[Source "ChessBase"]
[SourceQuality "1"]
[TimeControl "40/5400+30:1800+30"]

1. e4 e5 2. Nf3 Nc6 3. Nc3 Nf6 4. d4 exd4 5. Nxd4 Bc5 $11 6. Be3 Bb6 7. Qd2 O-O 8. O-O-O Re8 9. f3 d5 10. exd5 Nxd5 11. Bg5 f6 12. Bc4 Nxd4 13. Nxd5 Be6 14. Nxb6 axb6 15. Qxd4 Qxd4 16. Bxe6+ Rxe6 17. Rxd4 fxg5 18. a3 Rae8 19. Rhd1 Kf7 20. Rd7+ R8e7 21. Rxe7+ Kxe7 22. Rd5 h6 23. Kd2 Rf6 24. Re5+ Kf7 25. b3 Rd6+ 26. Ke2 Rc6 27. Kd2 Rd6+ 28. Ke2 Rc6 29. c4 Re6 30. Rxe6 Kxe6 31. Ke3 Ke5 32. g3 c6 33. Kd3 c5 34. Ke3 Kf5 35. h3 Ke5 36. Kd3 Kf5 37. Ke3 Ke5 38. Kd3 Kf5 39. Ke2 Ke6 40. Kf2 Kf5 41. Ke3 Ke5 1/2-1/2

[Event "Dutch Open-ch 2019"]
[Site "Dieren"]
[Date "2019.07.26"]
[Round "4.8"]
[White "Lahaye, Rick"]
[Black "Konings, Frans"]
[Result "1-0"]
[ECO "A13"]
[WhiteElo "2421"]
[BlackElo "2208"]
[Annotator "NA"]
[PlyCount "55"]
[EventDate "2019.07.23"]
[EventType "swiss"]
[EventCountry "NED"]
[SourceTitle "playchess.com"]
[Source "ChessBase"]
[SourceQuality "1"]
[TimeControl "40/5400+30:1800+30"]

1. e3 d5 2. Nf3 Nf6 3. b3 e6 4. Bb2 Be7 5. c4 O-O 6. Qc2 b6 7. Be2 Bb7 8. d3 c5 9. Nbd2 Nc6 10. a3 $15 Nd7 11. cxd5 exd5 12. d4 cxd4 13. Nxd4 Nxd4 14. Bxd4 Bf6 15. Nf3 Rc8 16. Qb2 Qe7 17. O-O Bxd4 18. Nxd4 g6 19. Bg4 f5 20. Bf3 Ne5 21. Be2 f4 22. exf4 Rxf4 23. Rad1 Nc6 24. Nxc6 Bxc6 25. g3 Rf6 26. Bg4 Re8 27. Rde1 Qxe1 28. Qxf6 1-0

[Event "Dutch Open-ch 2019"]
[Site "Dieren"]
[Date "2019.07.26"]
[Round "4.9"]
[White "Maatman, Nick"]
[Black "Baselmans, Sam"]
[Result "1/2-1/2"]
[ECO "E95"]
[WhiteElo "2407"]
[BlackElo "2064"]
[Annotator "NA"]
[PlyCount "57"]
[EventDate "2019.07.23"]
[EventType "swiss"]
[EventCountry "NED"]
[SourceTitle "playchess.com"]
[Source "ChessBase"]
[SourceQuality "1"]
[TimeControl "40/5400+30:1800+30"]

1. d4 Nf6 2. c4 g6 3. Nc3 Bg7 4. e4 d6 5. Be2 O-O 6. Nf3 Na6 7. O-O e5 8. Re1 exd4 9. Nxd4 Nc5 10. Bf1 Re8 11. f3 c6 12. Be3 Be6 13. Qd2 Qc7 $16 14. Rad1 Rad8 15. Qf2 Bc8 16. Nc2 Ncd7 17. Bf4 Ne5 18. Qxa7 Be6 19. Na3 Nh5 20. Bg5 f6 21. Be3 Qf7 22. Qa4 f5 23. exf5 gxf5 24. Qc2 Rd7 25. b3 f4 26. Bf2 Bf5 27. Qd2 Qg6 28. Kh1 Bh6 29. Ne4 1/2-1/2

[Event "Dutch Open-ch 2019"]
[Site "Dieren"]
[Date "2019.07.26"]
[Round "4.10"]
[White "Evengroen, Henk-Jan"]
[Black "Maris, Ivo"]
[Result "0-1"]
[ECO "A41"]
[WhiteElo "2176"]
[BlackElo "2399"]
[Annotator "NA"]
[PlyCount "42"]
[EventDate "2019.07.23"]
[EventType "swiss"]
[EventCountry "NED"]
[SourceTitle "playchess.com"]
[Source "ChessBase"]
[SourceQuality "1"]
[TimeControl "40/5400+30:1800+30"]

1. d4 d6 2. c4 e5 3. Nc3 g6 4. Nf3 Nd7 5. d5 $11 a5 6. Qa4 Bg7 7. c5 dxc5 8. Bg5 Ngf6 9. Nxe5 O-O 10. Nxd7 Qxd7 11. Qxd7 Bxd7 12. g3 b5 13. Bg2 Rfe8 14. O-O b4 15. Bxf6 Bxf6 16. Ne4 Bxb2 17. Rad1 c4 18. d6 cxd6 19. Rxd6 Be6 20. Rc6 c3 21. Rxe6 Rxe6 0-1

[Event "Dutch Open-ch 2019"]
[Site "Dieren"]
[Date "2019.07.26"]
[Round "4.11"]
[White "Odendahl, Reiner"]
[Black "Van Helvoort, Rob"]
[Result "1-0"]
[ECO "A37"]
[WhiteElo "2352"]
[BlackElo "2104"]
[Annotator "NA"]
[PlyCount "77"]
[EventDate "2019.07.23"]
[EventType "swiss"]
[EventCountry "NED"]
[SourceTitle "playchess.com"]
[Source "ChessBase"]
[SourceQuality "1"]
[TimeControl "40/5400+30:1800+30"]

1. c4 c5 2. g3 g6 3. Bg2 Bg7 4. Nf3 Nc6 5. O-O d6 6. Nc3 Bf5 7. d3 Qd7 8. Re1 Bh3 9. Bh1 h6 10. Rb1 $11 e6 11. Bd2 Nge7 12. a3 g5 13. Qa4 O-O 14. b4 Rac8 15. bxc5 dxc5 16. Qb5 b6 17. a4 Nf5 18. a5 Nd6 19. Qa4 bxa5 20. Rec1 f5 21. Be3 Bxc3 22. Rxc3 Nd4 23. Qd1 f4 24. Bxd4 cxd4 25. Ra3 Rc5 26. Qe1 g4 27. Nh4 Qf7 28. Rba1 Nf5 29. Ng2 Bxg2 30. Bxg2 f3 31. Bf1 Ne3 32. R1a2 Rf5 33. exf3 gxf3 34. Rxa5 Rxa5 35. Rxa5 Nxf1 36. Qxf1 Rb8 37. h4 Rb2 38. Qc1 Qc7 39. Rh5 1-0